General information
- name: BNet
- type: Ladder team game (AT/RT)
- host: Battle.net
- saver: dogsandhorse.ru
map: TimbermawHold
- players: 6
- length: 47:58
- speed: Fast
- version: 1.26 W3XP
- replay type:

» download(350 KB)
Players
team 1 (loser)

»
blackZero (
green | 45 APM | 2165 actions | 47:51)
4 Paladin
2 Holy Light
2 Devotion Aura
3 Mountain King
2 Storm Bolt
1 Bash
» actions
| Assign group hotkey | 40 | |
| Basic commands | 22 | |
| Build / train | 115 | |
| Enter build submenu | 41 | |
| Enter hero's abilities submenu | 7 | |
| Right click | 812 | |
| Select / deselect | 493 | |
| Select group hotkey | 537 | |
| Use ability | 98 | |
2165 total
» units
| Peasant | 24 | |
| Footman | 8 | |
| Rifleman | 3 | |
| Mortar Team | 25 | |
| Siege Engine | 4 | |
| Dragonhawk Rider | 5 | |
69 total
» upgrades
| Flare | 1 | |
| Fragmentation Shards | 1 | |
| Magic Sentry | 1 | |
| Gunpowder | 3 | |
| Armor | 3 | |
| Barrage | 1 | |
| Masonry | 3 | |
| Lumber Harvesting | 2 | |
| Cloud | 1 | |
16 total
» buildings
| Barracks | 2 | |
| Altar of Kings | 1 | |
| Farm | 9 | |
| Lumber Mill | 1 | |
| Keep | 1 | |
| Scout Tower | 20 | |
| Blacksmith | 1 | |
| Arcane Tower | 5 | |
| Castle | 1 | |
| Town Hall | 3 | |
| Workshop | 2 | |
| Guard Tower | 10 | |
| Arcane Sanctum | 1 | |
| Arcane Vault | 1 | |
| Gryphon Aviary | 1 | |
59 total
» build order
00:07 Barracks
00:11 Altar of Kings
00:17 Barracks
00:22 Farm
01:02 Farm
01:06 Farm
01:39 Lumber Mill
02:17 Farm
02:49 Keep
03:28 Scout Tower
04:01 Blacksmith
04:04 Arcane Tower
04:23 Farm
05:26 Castle
08:54 Farm
08:58 Farm
09:41 Town Hall
10:08 Scout Tower
10:10 Scout Tower
10:14 Scout Tower
10:15 Scout Tower
10:28 Workshop
10:48 Guard Tower
10:49 Guard Tower
10:53 Scout Tower
10:54 Scout Tower
10:58 Guard Tower
10:59 Arcane Tower
11:42 Guard Tower
11:43 Guard Tower
13:57 Town Hall
14:23 Scout Tower
14:40 Arcane Sanctum
15:00 Scout Tower
15:01 Scout Tower
15:52 Arcane Tower
15:54 Guard Tower
16:17 Scout Tower
16:18 Scout Tower
17:02 Guard Tower
18:06 Guard Tower
19:17 Workshop
21:06 Town Hall
21:15 Arcane Vault
21:57 Farm
21:58 Farm
23:00 Scout Tower
23:00 Scout Tower
23:02 Scout Tower
23:54 Scout Tower
23:58 Scout Tower
24:17 Arcane Tower
24:19 Guard Tower
28:03 Gryphon Aviary
32:43 Scout Tower
32:46 Scout Tower
32:48 Scout Tower
34:32 Arcane Tower
34:34 Guard Tower
» items
| Scroll of Town Portal | 1 | |
| Potion of Healing | 2 | |
| Scroll of Regeneration | 1 | |
4 total

»
geronimo (
orange | 47 APM | 2268 actions | 47:46)
5 Firelord
3 Summon Lava Spawn
2 Incinerate
3 Naga Sea Witch
2 Frost Arrows
1 Forked Lightning
» actions
| Assign group hotkey | 3 | |
| Basic commands | 313 | |
| Build / train | 100 | |
| Enter build submenu | 35 | |
| Enter hero's abilities submenu | 9 | |
| Give item / drop item | 4 | |
| Remove unit from queue | 3 | |
| Right click | 981 | |
| Select / deselect | 726 | |
| Use ability | 94 | |
2268 total
» units
| Acolyte | 19 | |
| Ghoul | 8 | |
| Crypt Fiend | 8 | |
| Meatwagon | 13 | |
| Obsidian Statue | 2 | |
50 total
» upgrades
| Creature Attack | 2 | |
| Web | 1 | |
| Creature Carapace | 1 | |
| Unholy Armor | 3 | |
| Unholy Strength | 3 | |
| Disease Cloud | 1 | |
| Backpack | 1 | |
| Exhume Corpses | 1 | |
13 total
» buildings
| Graveyard | 1 | |
| Crypt | 2 | |
| Ziggurat | 32 | |
| Tomb of Relics | 1 | |
| Altar of Darkness | 1 | |
| Nerubian Tower | 3 | |
| Halls of the Dead | 1 | |
| Spirit Tower | 15 | |
| Black Citadel | 1 | |
| Necropolis | 3 | |
| Slaughterhouse | 4 | |
64 total
» build order
00:14 Graveyard
00:19 Crypt
00:51 Crypt
01:10 Ziggurat
01:33 Tomb of Relics
01:47 Altar of Darkness
02:40 Ziggurat
02:50 Nerubian Tower
04:54 Halls of the Dead
05:32 Ziggurat
05:33 Ziggurat
05:35 Spirit Tower
07:52 Black Citadel
08:53 Necropolis
09:54 Necropolis
12:24 Ziggurat
12:27 Spirit Tower
13:09 Ziggurat
13:10 Ziggurat
13:11 Ziggurat
13:13 Ziggurat
13:15 Ziggurat
13:16 Ziggurat
13:20 Ziggurat
14:10 Spirit Tower
14:18 Spirit Tower
14:29 Nerubian Tower
14:31 Spirit Tower
14:50 Spirit Tower
14:51 Spirit Tower
15:10 Ziggurat
15:13 Ziggurat
15:37 Slaughterhouse
15:41 Spirit Tower
16:23 Necropolis
16:32 Ziggurat
16:35 Ziggurat
16:37 Ziggurat
17:18 Ziggurat
17:19 Ziggurat
17:21 Ziggurat
18:27 Ziggurat
18:28 Ziggurat
18:29 Ziggurat
18:31 Ziggurat
18:32 Ziggurat
18:34 Ziggurat
18:35 Ziggurat
19:26 Nerubian Tower
19:29 Spirit Tower
19:31 Spirit Tower
19:37 Spirit Tower
19:43 Spirit Tower
21:07 Spirit Tower
22:58 Slaughterhouse
25:21 Ziggurat
25:23 Ziggurat
26:18 Slaughterhouse
26:18 Slaughterhouse
26:53 Ziggurat
26:54 Ziggurat
26:55 Ziggurat
27:56 Spirit Tower
28:01 Spirit Tower
» items
| Potion of Healing | 3 | |
| Scroll of Town Portal | 1 | |
| Orb of Corruption | 1 | |
5 total

»
Silberruecken (
blue | 51 APM | 2468 actions | 47:56)
5 Death Knight
3 Death Coil
2 Unholy Aura
3 Lich
2 Frost Nova
1 Frost Armor
3 Naga Sea Witch
2 Frost Arrows
1 Forked Lightning
» actions
| Assign group hotkey | 17 | |
| Basic commands | 8 | |
| Build / train | 69 | |
| Enter build submenu | 24 | |
| Enter hero's abilities submenu | 12 | |
| Right click | 1679 | |
| Select / deselect | 253 | |
| Select group hotkey | 308 | |
| Use ability | 98 | |
2468 total
» units
| Acolyte | 10 | |
| Ghoul | 4 | |
| Crypt Fiend | 6 | |
| Frost Wyrm | 6 | |
| Meatwagon | 5 | |
31 total
» upgrades
| Web | 1 | |
| Creature Attack | 2 | |
| Creature Carapace | 1 | |
| Freezing Breath | 1 | |
| Unholy Strength | 1 | |
6 total
» buildings
| Altar of Darkness | 1 | |
| Ziggurat | 14 | |
| Crypt | 1 | |
| Graveyard | 1 | |
| Nerubian Tower | 2 | |
| Spirit Tower | 7 | |
| Halls of the Dead | 1 | |
| Black Citadel | 1 | |
| Sacrificial Pit | 1 | |
| Tomb of Relics | 1 | |
| Boneyard | 2 | |
| Slaughterhouse | 2 | |
34 total
» build order
00:15 Altar of Darkness
00:17 Ziggurat
00:41 Crypt
01:05 Graveyard
01:34 Nerubian Tower
01:37 Ziggurat
02:57 Ziggurat
03:09 Spirit Tower
03:57 Ziggurat
04:22 Halls of the Dead
05:40 Ziggurat
05:42 Ziggurat
06:19 Spirit Tower
06:53 Black Citadel
09:47 Sacrificial Pit
09:58 Tomb of Relics
11:38 Boneyard
11:40 Boneyard
14:03 Ziggurat
14:04 Ziggurat
14:14 Ziggurat
14:15 Ziggurat
14:19 Ziggurat
14:33 Spirit Tower
14:58 Ziggurat
14:59 Ziggurat
15:29 Spirit Tower
15:30 Spirit Tower
15:31 Nerubian Tower
16:40 Spirit Tower
17:18 Ziggurat
18:18 Spirit Tower
29:31 Slaughterhouse
29:48 Slaughterhouse
» items
| Sacrificial Skull | 1 | |
| Scroll of Town Portal | 1 | |
| Dust of Appearance | 2 | |
| Orb of Corruption | 1 | |
| Potion of Healing | 1 | |
| Scroll of Healing | 1 | |
7 total
team 2 (winner)
dogsandhorse.ru (
teal | 124 APM | 5971 actions | 47:58)
5 Archmage
2 Blizzard
3 Brilliance Aura
4 Mountain King
2 Storm Bolt
2 Bash
3 Paladin
2 Holy Light
1 Divine Shield
» actions
| Assign group hotkey | 17 | |
| Basic commands | 3 | |
| Build / train | 170 | |
| Enter build submenu | 62 | |
| Enter hero's abilities submenu | 13 | |
| Give item / drop item | 9 | |
| Remove unit from queue | 1 | |
| Right click | 4074 | |
| Select / deselect | 697 | |
| Select group hotkey | 536 | |
| Use ability | 387 | |
5971 total
» units
| Peasant | 18 | |
| Priest | 1 | |
| Mortar Team | 5 | |
24 total
» upgrades
| Masonry | 3 | |
| Lumber Harvesting | 2 | |
| Magic Sentry | 1 | |
| Swords | 1 | |
| Gunpowder | 3 | |
| Flare | 1 | |
| Fragmentation Shards | 1 | |
| Armor | 1 | |
13 total
» buildings
| Altar of Kings | 1 | |
| Farm | 7 | |
| Lumber Mill | 1 | |
| Scout Tower | 98 | |
| Guard Tower | 73 | |
| Arcane Tower | 4 | |
| Keep | 3 | |
| Arcane Sanctum | 1 | |
| Castle | 2 | |
| Arcane Vault | 1 | |
| Town Hall | 2 | |
| Blacksmith | 1 | |
| Workshop | 1 | |
| Cannon Tower | 4 | |
199 total
» build order
00:06 Altar of Kings
00:27 Farm
00:38 Lumber Mill
01:39 Scout Tower
01:41 Scout Tower
02:16 Farm
02:16 Guard Tower
02:16 Arcane Tower
02:19 Scout Tower
02:47 Scout Tower
02:49 Scout Tower
02:50 Guard Tower
02:50 Guard Tower
03:23 Guard Tower
03:24 Guard Tower
03:27 Scout Tower
03:28 Scout Tower
03:55 Scout Tower
03:55 Scout Tower
03:56 Guard Tower
03:56 Guard Tower
03:57 Guard Tower
03:57 Guard Tower
03:58 Scout Tower
03:59 Scout Tower
04:13 Scout Tower
04:14 Scout Tower
04:28 Guard Tower
04:28 Guard Tower
04:29 Guard Tower
05:07 Guard Tower
05:10 Scout Tower
05:11 Scout Tower
05:12 Scout Tower
05:15 Scout Tower
05:16 Scout Tower
05:16 Scout Tower
05:17 Scout Tower
05:21 Keep
05:21 Keep
05:21 Keep
05:23 Arcane Tower
05:25 Farm
05:26 Farm
05:27 Farm
06:10 Guard Tower
06:10 Guard Tower
06:11 Arcane Tower
06:38 Guard Tower
06:38 Guard Tower
06:51 Guard Tower
06:56 Scout Tower
07:01 Scout Tower
07:02 Scout Tower
07:02 Scout Tower
07:21 Scout Tower
07:22 Scout Tower
07:23 Scout Tower
08:06 Guard Tower
08:08 Guard Tower
08:12 Arcane Sanctum
08:41 Guard Tower
08:43 Guard Tower
08:43 Guard Tower
08:47 Guard Tower
09:39 Castle
09:40 Castle
09:41 Guard Tower
10:00 Farm
10:01 Farm
13:09 Arcane Vault
14:54 Town Hall
17:06 Scout Tower
17:07 Scout Tower
17:08 Scout Tower
17:10 Scout Tower
17:11 Scout Tower
17:12 Scout Tower
17:12 Scout Tower
17:13 Scout Tower
17:14 Scout Tower
17:31 Scout Tower
17:32 Scout Tower
17:34 Scout Tower
17:35 Scout Tower
17:42 Guard Tower
17:42 Guard Tower
17:42 Guard Tower
17:43 Guard Tower
17:43 Guard Tower
17:45 Guard Tower
17:46 Guard Tower
18:25 Guard Tower
18:25 Guard Tower
18:27 Guard Tower
18:29 Scout Tower
18:29 Scout Tower
18:30 Scout Tower
18:31 Scout Tower
18:58 Guard Tower
18:59 Guard Tower
19:01 Scout Tower
19:02 Scout Tower
19:02 Scout Tower
19:02 Scout Tower
19:03 Guard Tower
19:03 Guard Tower
19:05 Guard Tower
19:06 Guard Tower
19:14 Scout Tower
19:15 Scout Tower
19:16 Scout Tower
19:17 Scout Tower
19:18 Scout Tower
19:18 Scout Tower
19:18 Scout Tower
19:32 Guard Tower
19:32 Guard Tower
19:33 Arcane Tower
19:41 Guard Tower
19:41 Guard Tower
19:58 Guard Tower
20:47 Guard Tower
22:06 Town Hall
22:20 Scout Tower
22:21 Scout Tower
22:21 Scout Tower
22:22 Scout Tower
22:22 Scout Tower
22:23 Scout Tower
22:24 Scout Tower
22:24 Scout Tower
23:21 Guard Tower
23:34 Guard Tower
23:38 Guard Tower
23:39 Scout Tower
23:44 Scout Tower
23:45 Scout Tower
23:45 Scout Tower
23:47 Scout Tower
23:47 Scout Tower
23:47 Scout Tower
23:48 Scout Tower
23:49 Guard Tower
23:59 Blacksmith
24:13 Guard Tower
24:13 Guard Tower
24:14 Guard Tower
24:14 Guard Tower
24:14 Guard Tower
24:15 Guard Tower
24:15 Guard Tower
25:17 Guard Tower
25:20 Scout Tower
25:21 Scout Tower
25:24 Scout Tower
25:25 Scout Tower
25:25 Scout Tower
25:26 Scout Tower
25:26 Scout Tower
25:27 Scout Tower
25:27 Scout Tower
25:28 Scout Tower
25:53 Workshop
26:07 Guard Tower
28:02 Guard Tower
28:54 Scout Tower
28:57 Scout Tower
28:57 Scout Tower
28:58 Scout Tower
28:59 Scout Tower
29:01 Scout Tower
29:02 Scout Tower
29:02 Scout Tower
29:03 Scout Tower
30:07 Guard Tower
30:07 Guard Tower
30:31 Guard Tower
30:31 Guard Tower
30:41 Guard Tower
35:18 Cannon Tower
35:19 Cannon Tower
35:24 Cannon Tower
35:46 Scout Tower
35:50 Scout Tower
35:51 Scout Tower
35:51 Scout Tower
35:52 Scout Tower
35:52 Scout Tower
35:53 Scout Tower
37:48 Guard Tower
» items
| Healing Salve | 1 | |
| Orb of Lightning | 3 | |
| Boots of Speed | 3 | |
| Staff of Teleportation | 3 | |
| Staff of Sanctuary | 6 | |
| Ivory Tower | 6 | |
| Mechanical Critter | 1 | |
23 total
Siam (
red | 82 APM | 3945 actions | 47:56)
3 Archmage
2 Blizzard
1 Brilliance Aura
2 Goblin Tinker
1 Pocket Factory
1 Engineering Upgrade
» actions
| Assign group hotkey | 45 | |
| Basic commands | 10 | |
| Build / train | 310 | |
| Enter build submenu | 180 | |
| Enter hero's abilities submenu | 7 | |
| Give item / drop item | 3 | |
| Remove unit from queue | 1 | |
| Right click | 1810 | |
| Select / deselect | 1096 | |
| Select group hotkey | 147 | |
| Use ability | 335 | |
3945 total
» units
» upgrades
| Masonry | 3 | |
| Lumber Harvesting | 2 | |
| Magic Sentry | 1 | |
| Fragmentation Shards | 1 | |
7 total
» buildings
| Altar of Kings | 1 | |
| Farm | 7 | |
| Lumber Mill | 3 | |
| Scout Tower | 189 | |
| Arcane Tower | 5 | |
| Guard Tower | 225 | |
| Town Hall | 3 | |
| Keep | 2 | |
| Castle | 1 | |
| Arcane Sanctum | 1 | |
| Blacksmith | 1 | |
| Workshop | 1 | |
| Arcane Vault | 1 | |
| Cannon Tower | 3 | |
443 total
» build order
00:18 Altar of Kings
00:36 Farm
01:32 Lumber Mill
01:43 Scout Tower
02:05 Farm
02:08 Scout Tower
02:17 Scout Tower
02:19 Arcane Tower
02:24 Scout Tower
02:57 Arcane Tower
02:58 Arcane Tower
03:35 Scout Tower
03:36 Scout Tower
03:37 Scout Tower
03:42 Scout Tower
03:43 Scout Tower
03:54 Guard Tower
04:12 Town Hall
04:25 Guard Tower
04:25 Guard Tower
05:09 Guard Tower
05:09 Guard Tower
05:09 Guard Tower
05:11 Scout Tower
05:12 Scout Tower
05:24 Farm
05:42 Guard Tower
05:43 Guard Tower
05:43 Guard Tower
05:44 Scout Tower
05:45 Scout Tower
06:26 Guard Tower
06:27 Guard Tower
06:28 Scout Tower
06:37 Keep
06:53 Scout Tower
06:54 Scout Tower
06:55 Scout Tower
06:56 Scout Tower
06:57 Scout Tower
06:58 Guard Tower
06:58 Guard Tower
07:19 Scout Tower
07:20 Scout Tower
07:21 Guard Tower
07:50 Guard Tower
07:50 Guard Tower
07:52 Scout Tower
07:53 Scout Tower
07:53 Scout Tower
08:22 Scout Tower
08:24 Scout Tower
08:25 Scout Tower
08:28 Scout Tower
08:29 Scout Tower
08:30 Scout Tower
08:36 Guard Tower
08:45 Guard Tower
09:28 Guard Tower
09:34 Scout Tower
09:36 Scout Tower
09:38 Scout Tower
09:40 Scout Tower
09:41 Scout Tower
09:47 Guard Tower
10:06 Scout Tower
10:06 Scout Tower
10:09 Guard Tower
10:09 Guard Tower
10:09 Guard Tower
10:10 Guard Tower
10:12 Scout Tower
10:13 Scout Tower
10:19 Scout Tower
10:20 Scout Tower
10:20 Scout Tower
10:29 Scout Tower
10:29 Scout Tower
10:41 Guard Tower
10:42 Guard Tower
10:53 Guard Tower
10:57 Scout Tower
10:58 Scout Tower
11:04 Guard Tower
11:07 Scout Tower
11:09 Scout Tower
11:09 Scout Tower
11:21 Guard Tower
11:24 Scout Tower
11:24 Scout Tower
11:26 Scout Tower
11:26 Scout Tower
11:28 Scout Tower
11:29 Scout Tower
11:47 Scout Tower
11:48 Scout Tower
11:49 Scout Tower
12:15 Guard Tower
12:15 Guard Tower
12:17 Scout Tower
12:17 Scout Tower
12:20 Guard Tower
12:20 Guard Tower
12:23 Scout Tower
12:25 Scout Tower
12:25 Scout Tower
12:26 Scout Tower
12:28 Scout Tower
12:30 Scout Tower
12:40 Guard Tower
12:40 Guard Tower
12:42 Scout Tower
12:43 Scout Tower
12:43 Scout Tower
12:44 Scout Tower
12:53 Scout Tower
12:54 Scout Tower
12:54 Scout Tower
13:09 Scout Tower
13:10 Scout Tower
13:12 Scout Tower
13:13 Guard Tower
13:14 Guard Tower
13:14 Guard Tower
13:16 Scout Tower
13:16 Scout Tower
13:17 Scout Tower
13:18 Scout Tower
13:18 Scout Tower
13:19 Scout Tower
13:34 Castle
13:38 Guard Tower
13:38 Guard Tower
13:45 Town Hall
13:49 Guard Tower
13:49 Guard Tower
13:53 Guard Tower
13:57 Guard Tower
13:58 Guard Tower
13:59 Scout Tower
13:59 Scout Tower
14:00 Scout Tower
14:00 Scout Tower
14:01 Scout Tower
14:02 Scout Tower
14:03 Scout Tower
14:05 Scout Tower
14:05 Scout Tower
14:06 Scout Tower
14:06 Scout Tower
14:08 Guard Tower
14:08 Guard Tower
14:11 Scout Tower
14:12 Scout Tower
14:13 Guard Tower
14:23 Scout Tower
14:25 Scout Tower
14:32 Scout Tower
14:32 Scout Tower
14:33 Scout Tower
14:34 Scout Tower
14:35 Scout Tower
14:46 Guard Tower
14:47 Guard Tower
14:48 Guard Tower
14:53 Guard Tower
14:54 Guard Tower
15:33 Guard Tower
15:33 Guard Tower
15:53 Scout Tower
15:54 Scout Tower
16:02 Guard Tower
16:02 Guard Tower
16:04 Scout Tower
16:05 Scout Tower
16:05 Scout Tower
16:06 Scout Tower
16:32 Guard Tower
16:32 Guard Tower
16:35 Guard Tower
16:41 Guard Tower
16:41 Guard Tower
16:41 Guard Tower
16:57 Guard Tower
16:57 Guard Tower
16:59 Guard Tower
16:59 Guard Tower
16:59 Guard Tower
17:04 Scout Tower
17:05 Scout Tower
17:10 Guard Tower
17:10 Guard Tower
17:22 Scout Tower
17:23 Scout Tower
17:25 Scout Tower
17:27 Scout Tower
17:29 Scout Tower
17:33 Guard Tower
17:33 Guard Tower
17:34 Guard Tower
17:35 Scout Tower
17:35 Scout Tower
17:50 Scout Tower
17:51 Scout Tower
17:51 Scout Tower
17:52 Guard Tower
17:56 Scout Tower
17:57 Scout Tower
17:58 Guard Tower
17:59 Guard Tower
17:59 Guard Tower
18:02 Scout Tower
18:02 Scout Tower
18:10 Guard Tower
18:11 Guard Tower
18:12 Scout Tower
18:14 Scout Tower
18:22 Guard Tower
18:22 Guard Tower
18:24 Scout Tower
18:25 Scout Tower
18:25 Guard Tower
18:26 Guard Tower
18:31 Guard Tower
18:31 Guard Tower
18:31 Guard Tower
18:36 Guard Tower
18:36 Guard Tower
18:37 Guard Tower
18:45 Guard Tower
18:45 Guard Tower
18:48 Scout Tower
18:49 Scout Tower
18:49 Scout Tower
19:00 Guard Tower
19:00 Guard Tower
19:06 Guard Tower
19:06 Guard Tower
19:10 Scout Tower
19:11 Scout Tower
19:25 Scout Tower
19:26 Scout Tower
19:29 Guard Tower
19:30 Guard Tower
19:34 Scout Tower
19:35 Scout Tower
19:38 Scout Tower
19:42 Guard Tower
19:45 Lumber Mill
19:48 Scout Tower
19:57 Guard Tower
19:58 Guard Tower
19:58 Guard Tower
20:00 Scout Tower
20:01 Scout Tower
20:04 Guard Tower
20:04 Guard Tower
20:06 Scout Tower
20:07 Scout Tower
20:08 Guard Tower
20:08 Guard Tower
20:10 Guard Tower
20:10 Guard Tower
20:16 Scout Tower
20:17 Scout Tower
20:17 Scout Tower
20:19 Scout Tower
20:21 Guard Tower
20:21 Guard Tower
20:29 Guard Tower
20:30 Guard Tower
20:31 Guard Tower
20:31 Guard Tower
20:34 Scout Tower
20:35 Scout Tower
20:35 Scout Tower
20:36 Scout Tower
20:38 Guard Tower
20:38 Guard Tower
20:44 Guard Tower
20:52 Guard Tower
21:04 Guard Tower
21:04 Guard Tower
21:04 Guard Tower
21:12 Guard Tower
21:12 Guard Tower
21:12 Guard Tower
21:20 Guard Tower
21:21 Guard Tower
21:30 Guard Tower
21:31 Guard Tower
21:31 Guard Tower
21:47 Scout Tower
21:47 Scout Tower
21:48 Scout Tower
21:48 Scout Tower
21:51 Scout Tower
21:52 Scout Tower
21:53 Scout Tower
21:54 Scout Tower
21:57 Guard Tower
21:58 Guard Tower
22:05 Arcane Sanctum
22:16 Town Hall
22:17 Guard Tower
22:17 Guard Tower
22:21 Guard Tower
22:21 Guard Tower
22:22 Guard Tower
22:25 Scout Tower
22:26 Scout Tower
22:26 Scout Tower
22:27 Scout Tower
22:28 Scout Tower
22:28 Scout Tower
22:29 Scout Tower
22:29 Scout Tower
22:52 Guard Tower
22:52 Guard Tower
23:01 Guard Tower
23:01 Guard Tower
23:01 Guard Tower
23:02 Guard Tower
23:23 Guard Tower
23:23 Guard Tower
23:24 Guard Tower
23:24 Guard Tower
23:25 Guard Tower
23:25 Guard Tower
23:41 Guard Tower
24:21 Scout Tower
24:22 Scout Tower
24:22 Scout Tower
24:23 Scout Tower
24:26 Guard Tower
24:41 Scout Tower
25:06 Guard Tower
25:06 Guard Tower
25:22 Guard Tower
25:23 Guard Tower
25:25 Scout Tower
25:26 Scout Tower
25:27 Scout Tower
25:39 Guard Tower
26:05 Guard Tower
26:06 Guard Tower
28:17 Scout Tower
28:18 Scout Tower
28:20 Scout Tower
28:24 Scout Tower
28:26 Scout Tower
28:47 Guard Tower
28:47 Guard Tower
28:48 Guard Tower
29:09 Scout Tower
29:10 Scout Tower
29:16 Guard Tower
29:16 Guard Tower
29:22 Blacksmith
29:46 Guard Tower
29:46 Guard Tower
30:13 Guard Tower
30:28 Scout Tower
30:29 Scout Tower
31:23 Workshop
32:14 Scout Tower
32:15 Scout Tower
32:16 Scout Tower
32:31 Guard Tower
32:31 Guard Tower
33:44 Arcane Vault
34:08 Guard Tower
35:56 Cannon Tower
35:56 Cannon Tower
38:38 Cannon Tower
38:58 Lumber Mill
39:52 Farm
39:53 Farm
39:53 Farm
39:54 Farm
43:11 Scout Tower
43:12 Scout Tower
43:57 Arcane Tower
43:58 Guard Tower
» items
| Healing Salve | 2 | |
| Staff of Teleportation | 2 | |
| Ivory Tower | 4 | |
| Staff of Sanctuary | 1 | |
9 total
timgslargestfan (
purple | 119 APM | 5699 actions | 47:56)
9 Blademaster
3 Wind Walk
3 Critical Strike
1 Bladestorm
2 Mirror Image
» actions
| Assign group hotkey | 188 | |
| Basic commands | 31 | |
| Build / train | 95 | |
| ESC pressed | 5 | |
| Enter build submenu | 67 | |
| Enter hero's abilities submenu | 8 | |
| Give item / drop item | 3 | |
| Right click | 3840 | |
| Select / deselect | 458 | |
| Select group hotkey | 659 | |
| Use ability | 344 | |
5699 total
» units
» upgrades
| Ranged Weapons | 3 | |
| Reinforced Defenses | 1 | |
| Liquid Fire | 1 | |
5 total
» buildings
| Altar of Storms | 1 | |
| Orc Burrow | 6 | |
| War Mill | 1 | |
| Voodoo Lounge | 3 | |
| Watch Tower | 41 | |
| Stronghold | 2 | |
| Beastiary | 4 | |
| Fortress | 2 | |
| Great Hall | 2 | |
62 total
» build order
00:14 Altar of Storms
00:16 Orc Burrow
00:56 War Mill
01:28 Orc Burrow
01:52 Voodoo Lounge
02:13 Watch Tower
02:24 Watch Tower
03:19 Watch Tower
03:21 Watch Tower
03:36 Stronghold
04:26 Watch Tower
04:27 Watch Tower
04:28 Watch Tower
04:59 Watch Tower
05:00 Watch Tower
05:04 Watch Tower
05:06 Watch Tower
05:50 Watch Tower
05:51 Watch Tower
05:51 Watch Tower
06:32 Watch Tower
06:33 Watch Tower
06:53 Beastiary
07:13 Watch Tower
07:14 Watch Tower
07:56 Beastiary
08:11 Fortress
08:11 Fortress
09:34 Orc Burrow
09:37 Orc Burrow
10:11 Voodoo Lounge
14:16 Great Hall
14:17 Watch Tower
14:18 Watch Tower
14:19 Watch Tower
14:20 Watch Tower
16:41 Great Hall
16:45 Watch Tower
16:46 Watch Tower
16:47 Watch Tower
16:48 Watch Tower
21:45 Beastiary
21:45 Beastiary
21:49 Orc Burrow
21:50 Orc Burrow
28:51 Voodoo Lounge
31:04 Watch Tower
31:05 Watch Tower
31:05 Watch Tower
31:06 Watch Tower
31:07 Watch Tower
31:07 Watch Tower
31:08 Watch Tower
31:11 Watch Tower
31:11 Watch Tower
31:12 Watch Tower
31:13 Watch Tower
31:15 Watch Tower
31:15 Watch Tower
31:17 Watch Tower
31:17 Watch Tower
» items
| Boots of Speed | 1 | |
| Staff of Teleportation | 1 | |
| Lesser Clarity Potion | 22 | |
| Healing Salve | 6 | |
| Orb of Lightning | 1 | |
| Potion of Mana | 2 | |
| Scroll of Town Portal | 3 | |
| Potion of Healing | 2 | |
38 total
Chat log
(00:31 / All) geronimo: hi
(00:33 / All) geronimo: gl&hf
(00:35 / All) blackZero: hi
(00:52 / All) blackZero: iär stinked :D
(01:07 / All) geronimo: priwjet
(01:13 / All) timgslargestfan: vi sitter har i venten spelar lite warcraft 3: the frozen throne arranged team mode
(07:32 / All) geronimo: ahahha
(07:33 / All) geronimo: gg
(47:50 / All) dogsandhorse.ru: heh
(47:51 / All) dogsandhorse.ru: own